 Seeded DCSS version 0.27.1-15-g792fb953b9 (webtiles) character file.

Game seed: 20211118 (custom seed)

2 jessy the Sneak (level 1, 0/11 HPs)
             Began as a Spriggan Brigand on Nov 18, 2021.
             Slain by a jackal (2 damage)
             ... on level 1 of the Dungeon.
             The game lasted 00:00:42 (121 turns).

jessy the Sneak (Spriggan Brigand)                   Turns: 121, Time: 00:00:43

Health: 0/11       AC:  3    Str:  7    XL:     1   Next: 25%
Magic:  2/2        EV: 16    Int: 12    God:
Gold:   0          SH:  0    Dex: 16    Spells: 0/0 levels left

rFire    . . .     SeeInvis +   g - +0 short sword
rCold    . . .     Faith    .   (shield restricted)
rNeg     . . .     Spirit   .   b - +0 robe
rPois    .         Reflect  .   (helmet restricted)
rElec    .         Harm     .   c - +0 cloak
rCorr    .         Rampage  .   (gloves unavailable)
Will     .....                  (boots unavailable)
Stlth    +++.......             i - amulet of magic regeneration
HPRegen  0.03/turn              (no ring)
MPRegen  0.33/turn              (no ring)

@: very quick
A: very small, no large weapons, unfitting armour, see invisible, speed 3
a: no special abilities


You were on level 1 of the Dungeon.
You visited 1 branch of the dungeon, and saw 1 of its levels.

Inventory:

Hand Weapons
 a - a +2 dagger
 g - a +0 short sword (weapon)
Missiles
 d - 8 poisoned darts (quivered)
 e - 2 curare-tipped darts
 f - 18 stones
Armour
 b - a +0 robe (worn)
 c - a +0 cloak (worn)
 h - a +0 scale mail
Jewellery
 i - an amulet of magic regeneration (around neck)


   Skills:
 + Level 1.7 Fighting
 + Level 2.1 Short Blades
 + Level 2.0 Throwing
 + Level 1.3 Dodging
 + Level 5.8 Stealth


You couldn't memorise any spells.
You didn't know any spells.
Your spell library was empty.

Dungeon Overview and Level Annotations

Branches:
Dungeon (1/15)

Altars:


Innate Abilities, Weirdness & Mutations

You are very small and have problems with some larger weapons.
You are too small for most types of armour.
You have supernaturally acute eyesight. (SInv)
You cover ground extremely quickly. (Speed+++)


Message History

There is a stone staircase leading down here.
You start putting on your amulet.
You continue putting on your amulet of magic regeneration. x5
You finish putting on your amulet of magic regeneration.
i - an amulet of magic regeneration (around neck)
There is a stone staircase leading down here.
Found an embroidered scarf.
A kobold comes into view. It is wielding a +0 short sword.
Found 5 gold pieces.
A jackal comes into view.
The jackal barks!
A jackal comes into view.
The jackal barks!
You closely miss the jackal.
The jackal bites you but does no damage.
You miss the jackal. The jackal misses you.
You closely miss the jackal. The jackal misses you.
You completely miss the jackal. The jackal misses you.
The jackal closely misses you. The jackal completely misses you.
You barely miss the jackal. The jackal bites you.
The jackal barely misses you. x2
You closely miss the jackal. The jackal misses you.
The jackal bites you but does no damage.
You closely miss the jackal.
The jackal bites you but does no damage.
The jackal completely misses you. The jackal closely misses you.
The jackal barely misses you.
You hit the jackal.
The jackal is moderately wounded.
The jackal bites you. The jackal closely misses you.
You closely miss the jackal.
The jackal is moderately wounded.
The jackal closely misses you. The jackal completely misses you.
The jackal bites you.
* * * LOW HITPOINT WARNING * * *
You barely miss the jackal.
The jackal is moderately wounded.
The jackal bites you.
* * * LOW HITPOINT WARNING * * *
The jackal bites you.
You die...

#>.†.........#.....
#..#########.##....
#...# ##..⌠
.......#..# ##..
######.#..######
##. #.#.......# ##
###.#.##.K... #
#......#.....
#.[..@.# ....
#...hh.# ....
#......# ...
#......# +......#
#......# ....#.##
####.#.#


You could see 2 jackals.

Vanquished Creatures
  A kobold (D:1)
  A frilled lizard (D:1)
2 creatures vanquished.

Notes
Turn   | Place    | Note
-------+----------+-------------------------------------------
     0 | D:1      | jessy the Spriggan Brigand began the quest for the Orb.
     0 | D:1      | Reached XP level 1. HP: 10/10 MP: 2/2
   121 | D:1      | Slain by a jackal

Illustrated notes

Levels and vault maps discovered:
D:1:      dpeg_arrival_lava_temple_mockup, layout_basic,
          hellmonk_ecumenical_altar_blasted

Action                   || total
-------------------------++-------
Melee: Short sword       ||    11
       Dagger            ||     1
 Stab: Sleeping          ||     2
Armor: Robe              ||     3
Dodge: Dodged            ||    14
